 Dungeon Crawl Stone Soup version 0.28.0-53-g5a82cb258f (webtiles) character file.

Game seed: 5385183546310024030

3633 Zeld the Zephyrmancer (level 10, 0/50 HPs)
             Began as a Tengu Air Elementalist on May 28, 2022.
             Was an Initiate of Gozag.
             Slain by a killer bee (4 damage)
             ... on level 8 of the Dungeon.
             The game lasted 00:09:47 (13687 turns).

Zeld the Zephyrmancer (Tengu Air Elementalist)     Turns: 13687, Time: 00:09:47

Health: 0/50       AC:  2    Str:  8    XL:     10   Next: 11%
Magic:  12/24      EV: 14    Int: 21    God:    Gozag
Gold:   611        SH:  0    Dex: 14    Spells: 17/27 levels left

rFire   . . .      SeeInvis .   t - +5 scimitar
rCold   . . .      Faith    .   (no shield)
rNeg    . . .      Spirit   .   a - +0 robe
rPois   .          Reflect  .   (helmet restricted)
rElec   .          Harm     .   (no cloak)
rCorr   .          Rampage  .   (no gloves)
Will    .....                   (boots unavailable)
Stlth   ++........              (no amulet)
HPRegen 0.16/turn               (no ring)
MPRegen 0.19/turn               (no ring)

@: lethally poisoned (0 -> -12), gold aura, flying quickly and evasively, quick
A: beak, talons 3, nimble flight
a: Renounce Religion, Potion Petition, Call Merchant, Bribe Branch


You were on level 8 of the Dungeon.
You worshipped Gozag.
Gozag was pleased with you.
You visited 2 branches of the dungeon, and saw 9 of its levels.
You also visited: Ossuary.

You collected 846 gold pieces.
You paid 235 gold pieces to Gozag.

Inventory:

Hand Weapons
 t - a +5 scimitar (weapon)
Armour
 a - a +0 robe (worn)
Jewellery
 y - a +4 ring of evasion
Wands
 u - a wand of flame (19)
Scrolls
 b - 2 scrolls of silence {unknown}
 c - 4 scrolls of enchant armour {unknown}
 d - 3 scrolls of magic mapping {unknown}
 e - 2 scrolls of noise {unknown}
 f - 2 scrolls of enchant weapon {unknown}
 h - a scroll of torment {unknown}
 j - 4 scrolls of identify {unknown}
 m - 10 scrolls of teleportation {unknown}
 o - 2 scrolls of amnesia {unknown}
 p - 2 scrolls of immolation {unknown}
 r - a scroll of blinking {unknown}
 x - a scroll of vulnerability {unknown}
 A - 2 scrolls of fog {unknown}
Potions
 g - a potion of haste {unknown}
 i - 2 potions of mutation {unknown}
 k - 3 potions of heal wounds
 l - 3 potions of brilliance {unknown}
 n - 4 potions of curing {unknown}
 q - a potion of cancellation {unknown}
 s - 2 potions of berserk rage {unknown}
 v - a potion of magic {unknown}
 w - a potion of flight {unknown}
 z - a potion of invisibility {unknown}


   Skills:
 - Level 2.1 Dodging
 - Level 2.0 Stealth
 * Level 9.0 Spellcasting
 - Level 8.0 Conjurations
 - Level 12.0 Air Magic


You had 17 spell levels left.
You knew the following spells:

 Your Spells              Type           Power      Damage    Failure   Level
a - Shock                 Conj/Air       100%       1d9       1%          1
b - Static Discharge      Conj/Air       51%        N/A       1%          2
c - Swiftness             Air            56%        N/A       1%          3
d - Airstrike             Air            28%        N/A       1%          4

Your spell library contained the following spells:

 Spells                   Type           Power      Damage    Failure   Level
 Magic Dart               Conj           100%       1d8       1%          1
 Mephitic Cloud           Conj/Pois/Air  37%        N/A       1%          3
 Summon Small Mammal      Summ           36%        N/A       7%          1
 Call Imp                 Summ           9%         N/A       11%         2
 Call Canine Familiar     Summ           9%         N/A       22%         3
 Ozocubu's Armour         Ice            9%         N/A       22%         3
 Summon Guardian Golem    Hex/Summ       9%         N/A       22%         3
 Metabolic Englaciation   Hex/Ice        4%         N/A       89%         5
 Simulacrum               Ice/Necr       4%         N/A       100%        6


Dungeon Overview and Level Annotations

Branches:
Dungeon (8/15)             Temple (1/1) D:7         Ossuary (visited)
   Lair: D:8-11

Altars:
Ashenzari
Cheibriados
Dithmenos
Elyvilon
Fedhas
Gozag
Hepliaklqana
Kikubaaqudgha
Makhleb
Nemelex Xobeh
Okawaru
Qazlal
Ru
Sif Muna
Uskayaw
Wu Jian
Xom
Yredelemnul
Zin
The Shining One


Innate Abilities, Weirdness & Mutations

You have a beak for a mouth.
You have claws for feet.
Your magical nature lets you fly swiftly and evasively.


Message History

You feel sick. The killer bee barely misses you. The killer bee stings you.
Unknown command.
Casting: Shock (safe; 1% risk of failure)
Confirm with . or Enter, or press ? or * to list all spells.
Aiming: Shock (safe; 1% risk of failure)
Press: ? - help, Shift-Dir - straight line, f/p - killer bee
Aim: a killer bee (heavily wounded, 48% to hit)
The zap misses the killer bee.
The zap hits the centaur zombie.
The centaur zombie is heavily damaged.
You feel sick. The killer bee barely misses you. x2
Unknown command.
Unknown command.
Casting: Shock (safe; 1% risk of failure)
Confirm with . or Enter, or press ? or * to list all spells.
Aiming: Shock (safe; 1% risk of failure)
Press: ? - help, Shift-Dir - straight line, f/p - killer bee
Aim: a killer bee (heavily wounded, 48% to hit)
The zap hits the killer bee.
The killer bee is heavily wounded.
The zap hits the centaur zombie.
The centaur zombie is severely damaged.
You feel sick. The killer bee stings you!
* * * LOW HITPOINT WARNING * * *
You are lethally poisoned!
The killer bee poisons you! The killer bee closely misses you.
Unknown command.
Casting: Shock (safe; 1% risk of failure)
Confirm with . or Enter, or press ? or * to list all spells.
Aiming: Shock (safe; 1% risk of failure)
Press: ? - help, Shift-Dir - straight line, f/p - killer bee
Aim: a killer bee (heavily wounded, 48% to hit)
The zap hits the killer bee.
The killer bee is severely wounded.
The zap hits the centaur zombie.
The centaur zombie is severely damaged.
* * * LOW HITPOINT WARNING * * *
You feel very sick. The killer bee closely misses you.
The killer bee stings you.
You die...
Your body crumbles into a pile of gold.

#.......#
#.####### #.#
#.# #.# #.. #.#
#.# #.# #.#
###.###.########
#.# $
.....$.Zy@.....#
#.#
###..#######.#.#
#.# #.
#.#.######.####
##
#.#.#..........
##.#
#.#.#.####.####
#....#####.#.#.#
#.#
........##.#.#.#
#.#
#....##<##.....#
#.#
#...........###
#.#


You could see a killer bee and a centaur zombie.

Vanquished Creatures
  Pikel (D:4)
  Eustachio (D:4)
  2 steam dragons
  2 water moccasins
  3 ice beasts
  2 orc warriors
  2 black bears
  A sky beast (D:6)
  2 ogres (D:5)
  A hornet zombie (D:5)
  2 bullfrogs
  6 scorpions
  A wyvern skeleton (D:7)
  5 wights
  2 killer bees (D:8)
  A bullfrog zombie (D:5)
  A jelly (D:4)
  2 orc priests
  A hound (D:7)
  3 centaur skeletons
  An iguana (D:6)
  3 orc wizards
  A killer bee zombie (D:7)
  A hound zombie (D:5)
  8 mummies (Ossuary)
  A howler monkey zombie (D:8)
  6 gnolls
  A howler monkey skeleton (D:7)
  7 adders
  4 worms
  4 dart slugs
  21 orcs
  5 endoplasms
  10 giant cockroaches
  A gnoll zombie (Ossuary)
  9 goblins
  10 hobgoblins
  7 quokkas
  6 ball pythons
  4 bats
  4 frilled lizards
  3 hobgoblin zombies (Ossuary)
  7 kobolds
  2 kobold zombies (Ossuary)
  2 orc zombies (Ossuary)
  7 rats
176 creatures vanquished.

Notes
Turn   | Place    | Note
-------+----------+-------------------------------------------
     0 | D:1      | Zeld the Tengu Air Elementalist began the quest for the
                  | Orb.
     0 | D:1      | Reached XP level 1. HP: 10/10 MP: 4/4
   383 | D:1      | Reached XP level 2. HP: 15/15 MP: 1/6
   386 | D:1      | Learned a level 2 spell: Static Discharge
  1613 | D:2      | Reached XP level 3. HP: 12/19 MP: 2/7
  1617 | D:2      | Learned a level 3 spell: Swiftness
  2878 | D:2      | Reached skill level 5 in Air Magic
  2995 | D:2      | Reached XP level 4. HP: 21/24 MP: 4/9
  3588 | D:3      | Gained mutation: Your magical nature lets you fly swiftly
                  | and evasively. [Tengu growth]
  3588 | D:3      | Reached XP level 5. HP: 18/28 MP: 4/10
  3604 | D:3      | Learned a level 4 spell: Airstrike
  4557 | D:3      | Noticed a water moccasin
  5580 | D:3      | Identified the +0 pair of boots "Jat Opruck" {Int+3}
  5594 | D:3      | Killed a water moccasin
  5595 | D:3      | Reached skill level 6 in Air Magic
  5595 | D:3      | Reached XP level 6. HP: 32/32 MP: 0/13
  6114 | D:4      | Noticed Pikel
  6382 | D:4      | Noticed a black bear
  6393 | D:4      | Killed a black bear
  6603 | D:4      | Found a broken altar of Ashenzari.
  6610 | D:4      | Found a hazy altar of Hepliaklqana.
  6816 | D:4      | Killed Pikel
  6817 | D:4      | Reached skill level 5 in Spellcasting
  6817 | D:4      | Reached skill level 5 in Conjurations
  6817 | D:4      | Reached skill level 8 in Air Magic
  6817 | D:4      | Reached XP level 7. HP: 36/36 MP: 0/16
  6817 | D:4      | Reached XP level 8. HP: 41/41 MP: 0/17
  6820 | D:4      | Noticed Eustachio
  7847 | D:4      | Killed Eustachio
  8045 | D:5      | Entered Level 5 of the Dungeon
  8111 | D:5      | Found a snail-covered altar of Cheibriados.
  8126 | D:5      | Reached skill level 9 in Air Magic
  8427 | D:5      | Found a shadowy altar of Dithmenos.
  9658 | D:5      | Reached skill level 10 in Air Magic
  9658 | D:5      | Reached XP level 9. HP: 33/45 MP: 7/20
  9953 | D:6      | Found an ancient bone altar of Kikubaaqudgha.
 10578 | D:6      | Found a burning altar of Makhleb.
 10922 | D:7      | Found a hide-covered altar of Uskayaw.
 10933 | D:7      | Reached skill level 11 in Air Magic
 11169 | D:7      | Found a sand-covered staircase.
 11178 | Ossuary  | Entered an ossuary
 12709 | D:7      | Reached skill level 12 in Air Magic
 12709 | D:7      | Reached XP level 10. HP: 50/50 MP: 10/23
 12949 | D:7      | Found a staircase to the Ecumenical Temple.
 12969 | Temple   | Entered the Ecumenical Temple
 13030 | Temple   | Became a worshipper of Gozag Ym Sagoz the Greedy
 13687 | D:8      | Slain by a killer bee

Illustrated notes

Levels and vault maps discovered:
D:1:      psy_arrival_conway, layout_basic
D:2:      layout_basic
D:3:      minmay_recursive_quarters, layout_rooms, minmay_between
D:4:      layout_loops_ring, minitemple, uniq_eustachio, uniq_pikel
D:5:      layout_loops_ring, old_standard_altar,
          grunt_dithmenos_smoke_and_mirrors, kennysheep_small_spiral
D:6:      layout_loops_cross, lemuel_crystal_altar,
          nicolae_kikubaaqudgha_miasma_corner
D:7:      layout_gridville, mainiacjoe_overflow_brackets,
          minmay_temple_entry_large_hall, enter_bailey_2, enter_ossuary_1,
          minmay_circle_x
D:8:      layout_loops_ring
Temple:   nicolae_temple_god_jail

Skill      XL: |  1  2  3  4  5  6  7  8  9 10 |
---------------+-------------------------------+-----
Conjurations   | 2 3 5 6 8 |  8.0
Air Magic      | 5 6 8 10 12 | 12.0
Spellcasting   | 3 4 5 6 8 9 |  9.0
Dodging        | |  2.1
Stealth        | |  2.0

Action                   |  1- 3 |  4- 6 |  7- 9 | 10-12 || total
-------------------------+-------+-------+-------+-------++-------
Melee: Unarmed           |    20 |    20 |    37 |       ||    77
       Kick              |     5 |     9 |    21 |       ||    35
       Peck              |     2 |     4 |    12 |       ||    18
       Punch             |       |     1 |     3 |       ||     4
       Scimitar          |       |       |    24 |       ||    24
 Cast: Shock             |    35 |    31 |    27 |    14 ||   107
       Static Discharge  |    29 |    42 |     3 |       ||    74
       Airstrike         |       |     8 |   114 |    15 ||   137
       Swiftness         |       |     1 |     1 |       ||     2
  Use: Potion            |       |       |       |     1 ||     1
 Stab: Sleeping          |     2 |       |       |       ||     2
Armor: Robe              |     6 |    18 |    29 |     2 ||    55
Dodge: Dodged            |    31 |    51 |    88 |    17 ||   187
